 Dungeon Crawl Stone Soup version 0.30-a0-586-g23e55c9e0a (console) character file.

Game seed: 4782282259683449993

3048 jejorda2 the Spear-Bearer (level 9, -9/69 HPs)
             Began as a Merfolk Berserker on Jan 3, 2023.
             Was a Priest of Trog.
             Mangled by a wight
             ... wielding a +4 dagger
              (11 damage)
             ... on level 8 of the Dungeon.
             The game lasted 00:15:42 (7668 turns).

jejorda2 the Spear-Bearer (Merfolk Berserker)       Turns: 7668, Time: 00:15:42

Health: -9/69      AC: 16    Str: 21    XL:     9   Next: 87%
Magic:  9/9        EV:  8    Int:  7    God:    Trog [***...]
Gold:   284        SH:  0    Dex: 13    Spells: 8/8 levels left

rFire   + . .      SeeInvis .    a - +0 bardiche
rCold   . . .      Faith    .    (shield currently unavailable)
rNeg    . . .      Spirit   .    z - +0 plate armour
rPois   .          Reflect  .    d - +1 helmet
rElec   .          Harm     .    q - scarf {repulsion}
rCorr   .          Rampage  .    o - +1 Delatra's gloves {ID++}
Will    +....                    (no boots) Stlth
                                 (no amulet)
HPRegen 0.31/turn                w - ring of willpower
MPRegen 0.11/turn                k - ring of protection from fire

@: lethally poisoned (-9 -> -10), on berserk cooldown, slowed, repel missiles,
very slow
A: (nimble swimmer 2), mertail
a: Renounce Religion, Berserk, Trog's Hand


You were on level 8 of the Dungeon.
You worshipped Trog.
Trog was most pleased with you.
You visited 1 branch of the dungeon, and saw 8 of its levels.
You also visited: Sewer.

You collected 392 gold pieces.
You spent 108 gold pieces at shops.

Inventory:

Hand Weapons
 a - a +0 bardiche (weapon)
 A - a +0 trident
Missiles
 c - 42 stones (quivered)
 h - 8 atropa-tipped darts
 m - 12 poisoned darts
 u - a boomerang
Armour
 d - a +1 helmet (worn)
 o - the +1 Delatra's gloves (worn) {ID++}
   (You found it on level 3 of the Dungeon)

   It heals its wearer when they drink unknown potions.
   It restores its wearer's MP when they read unknown scrolls.
 q - a scarf of repulsion (worn)
 z - a +0 plate armour (worn)
Jewellery
 k - a ring of protection from fire (right hand)
 t - a ring of positive energy
 w - a ring of willpower (left hand)
Wands
 f - a wand of roots (5)
 l - a wand of acid (8)
 r - a wand of flame (53)
Scrolls
 y - a scroll of teleportation
 C - a scroll of enchant weapon
Potions
 b - 3 potions of heal wounds
 e - 7 potions of curing
 g - a potion of degeneration {unknown}
 i - 3 potions of might
 j - a potion of invisibility
 n - 5 potions of haste
 p - 2 potions of brilliance {unknown}
 s - a potion of experience {unknown}
 v - a potion of flight {unknown}
 B - a potion of lignification {unknown}


   Skills:
 - Level 6.0 Fighting
 * Level 13.9 Polearms
 + Level 4.5 Armour
 - Level 6.0 Dodging


You had 8 spell levels left.
You didn't know any spells.
Your spell library was empty.

Dungeon Overview and Level Annotations

Branches:
Dungeon (8/15)             Temple (0/1) D:7           Sewer (visited)
   Lair: D:8-11

Altars:
Cheibriados
Fedhas
Gozag
Kikubaaqudgha
Nemelex Xobeh
Vehumet
Wu Jian

Shops:
D:1 *(   D:6 (


Innate Abilities, Weirdness & Mutations

((You are very nimble when in or above water. (Stealth+, EV+, Speed+++)))
Your lower body shifts to a powerful aquatic tail in water.


Message History

The killer bee stings you but does no damage. x2
You barely miss the killer bee.
The killer bee is moderately wounded.
You feel sick. The killer bee closely misses you.
You barely miss the killer bee.
The killer bee is moderately wounded.
You feel sick. The killer bee completely misses you.
The killer bee stings you but does no damage.
You miss the killer bee.
The killer bee is moderately wounded.
You feel sick.
The killer bee stings you but does no damage.
You hit the killer bee.
The killer bee is heavily wounded.
You feel sick.
The killer bee stings you but does no damage.
The killer bee closely misses you.
You slash the killer bee!
You kill the killer bee!
Trog accepts your kill.
You feel sick.
Reach: a) +0 bardiche
Press: ? - help, Dir - move target, f - wight
Aim: a wight, wielding a +1 morningstar, wearing a +0 robe and quivering stones (about 43% to evade your +0 bardiche)
You reach to attack!
You closely miss the wight.
You feel sick.
Reach: a) +0 bardiche
Press: ? - help, Dir - move target, f/p - wight
Aim: a wight, wielding a +1 morningstar, wearing a +0 robe and quivering stones (about 43% to evade your +0 bardiche)
You hit the wight.
The wight is lightly damaged.
You are no longer berserk.
You are exhausted.
You feel yourself slow down.
You feel sick.
You barely miss the wight.
The wight is lightly damaged.
You feel sick.
The wight hits you with a +1 morningstar!
* * * LOW HITPOINT WARNING * * *
The wight hits you but does no damage. The wight hits you with a +4 dagger!
You die...

...... ..#.# ##....
....# ...## #...
##############.z# #
#......#.#.#@##.##.###
###)#..#.#.#zz).......!
#)#......#.##.##.####
#.##.#.#......# ..
#.##.......##.# ##
#.####.#.####$#
#...().#.>....#
#.############# ###


You could see 2 wights.

Vanquished Creatures
  Eustachio (D:4)
  A steam dragon (D:8)
  4 water moccasins
  Duvessa (D:4)
  3 ice beasts
  An orc warrior (D:8)
  A sky beast (D:8)
  A black bear (D:5)
  3 ogres
  2 centaurs (D:7)
  A necrophage (D:4)
  3 wights (D:8)
  Dowan (D:4)
  5 killer bees (D:8)
  2 hounds (D:5)
  2 jellies (D:5)
  A gnoll bouda (D:6)
  5 orc priests
  Jessica (D:2)
  5 orc wizards
  A mummy (D:3)
  13 gnolls
  7 adders
  A river rat (D:5)
  A shadow imp (D:6)
  3 white imps
  An ufetubus (D:5)
  3 worms
  A dart slug (D:2)
  23 orcs
  5 ball pythons
  9 endoplasms
  3 giant cockroaches
  10 goblins
  7 hobgoblins
  2 jackals (Sewer)
  2 quokkas
  6 bats
  2 frilled lizards (D:2)
  6 kobolds
  6 rats
156 creatures vanquished.

Vanquished Creatures (others)
  2 orcs (D:8)
2 creatures vanquished.

Grand Total: 158 creatures vanquished

Notes
Turn   | Place    | Note
-------+----------+-------------------------------------------
     0 | D:1      | jejorda2 the Merfolk Berserker began the quest for the Orb.
     0 | D:1      | Reached XP level 1. HP: 18/18 MP: 1/1
   258 | D:1      | Reached XP level 2. HP: 24/24 MP: 2/2
   351 | D:1      | Found Tiaqujepn's Weapon Emporium.
   775 | D:1      | Found Woarauro's General Store.
   824 | D:2      | Found a faded altar of an unknown god.
   827 | D:2      | Reached XP level 3. HP: 29/29 MP: 3/3
   860 | D:2      | Noticed Jessica
   864 | D:2      | Killed Jessica
   865 | D:2      | Reached skill level 5 in Polearms
   997 | D:2      | Reached XP level 4. HP: 37/37 MP: 4/4
  1439 | D:2      | Reached XP level 5. HP: 42/42 MP: 5/5
  1477 | D:3      | Found the +1 Delatra's gloves {ID++}
  1488 | D:3      | Reached skill level 6 in Polearms
  1569 | D:3      | Reached ** piety under Trog
  1993 | D:3      | Found a radiant altar of Vehumet.
  2040 | D:3      | Found a snail-covered altar of Cheibriados.
  2172 | D:3      | Found an ornate altar of the Wu Jian Council.
  2265 | D:3      | You fall into a shaft and drop 2 floors!
  2265 | D:5      | Entered Level 5 of the Dungeon
  2283 | D:5      | Noticed an ice beast
  2308 | D:5      | Killed an ice beast
  2309 | D:5      | Reached skill level 7 in Polearms
  2309 | D:5      | Reached XP level 6. HP: 46/49 MP: 6/6
  2362 | D:5      | Reached skill level 5 in Dodging
  2477 | D:5      | Found a glowing drain.
  2481 | Sewer    | Entered a sewer
  2542 | Sewer    | Noticed a water moccasin
  2549 | Sewer    | Killed a water moccasin
  2550 | Sewer    | Reached skill level 5 in Fighting
  2550 | Sewer    | Reached XP level 7. HP: 56/56 MP: 7/7
  2793 | D:5      | Reached skill level 8 in Polearms
  3309 | D:5      | Reached skill level 9 in Polearms
  3330 | D:5      | Reached XP level 8. HP: 19/64 MP: 8/8
  3626 | D:5      | Found an opulent altar of Gozag.
  3697 | D:5      | Found a sparkling altar of Nemelex Xobeh.
  3969 | D:4      | Noticed Eustachio
  3989 | D:4      | Killed Eustachio
  3990 | D:4      | Reached skill level 10 in Polearms
  4477 | D:4      | Noticed Duvessa
  4477 | D:4      | Noticed Dowan
  4486 | D:4      | Killed Duvessa
  4487 | D:4      | Reached skill level 11 in Polearms
  4492 | D:4      | Killed Dowan
  4814 | D:4      | Found an ancient bone altar of Kikubaaqudgha.
  5099 | D:3      | Found a blossoming altar of Fedhas.
  5510 | D:6      | Reached XP level 9. HP: 48/69 MP: 9/9
  5612 | D:6      | Found Topused's Weapon Shoppe.
  5618 | D:6      | Bought a +0 bardiche for 108 gold pieces
  6302 | D:7      | Found a staircase to the Ecumenical Temple.
  6571 | D:7      | Reached skill level 12 in Polearms
  7119 | D:7      | Reached *** piety under Trog
  7296 | D:8      | Reached skill level 13 in Polearms
  7668 | D:8      | HP: 2/69 [wight/+1 morningstar (9)]
  7668 | D:8      | Mangled by a wight

Illustrated notes

Levels and vault maps discovered:
D:1:      heliophobic_arrival_glass_houses, layout_basic, serial_shops, shop,
          nicolae_shop_bloodbath_and_beyond, minmay_misc_feat_rugged,
          minmay_pentomino_r4
D:2:      layout_rooms, nicolae_ecumenical_pavilion, uniq_jessica
D:3:      minmay_evil_eye, layout_loops_corners,
          mainiacjoe_overflow_large_starburst, slow_altar_2,
          vehumet_altar_wand_db, pf_guarded_unrand_delatra
D:4:      layout_basic, lemuel_coloured_pillars_altar, uniq_duvessa,
          uniq_eustachio
D:5:      layout_basic, grunt_temple_overflow_opulence, gup_sewer_entry_spiral
D:6:      layout_loops_ring, serial_shops, shop
D:7:      layout_loops_ring, minmay_temple_entry_trees,
          minmay_misc_feat_diagonals
D:8:      layout_basic, lemuel_blue_sif_altar

Skill      XL: |  1  2  3  4  5  6  7  8  9 |
---------------+----------------------------+-----
Dodging        | 3 4 5 6 |  6.0
Polearms       | 5 7 9 11 13 | 13.9
Fighting       | 4 5 6 |  6.0
Armour         | 3 4 |  4.5

Action                   |  1- 3 |  4- 6 |  7- 9 || total
-------------------------+-------+-------+-------++-------
Melee: Spear             |    77 |   229 |   167 ||   473
       Punch             |       |     2 |     4 ||     6
       Tailslap          |       |     2 |       ||     2
       Trident           |       |       |    89 ||    89
       Bardiche          |       |       |   166 ||   166
Throw: Stone             |     2 |       |    12 ||    14
Invok: Berserk           |     2 |     3 |    10 ||    15
       Trog's Hand       |       |     1 |     3 ||     4
  Use: Scroll            |       |     5 |    11 ||    16
Armor: Ring mail         |    11 |       |       ||    11
       Animal skin       |     2 |       |       ||     2
       Chain mail        |     2 |    68 |    60 ||   130
       Plate armour      |       |       |   125 ||   125
Dodge: Dodged            |    26 |    52 |   154 ||   232
       Repelled          |       |       |     2 ||     2

Table legend: (Time is in decaauts)
 A = Elapsed time spent in this place.
 B = Non-inter-level travel time spent in this place.
 C = Inter-level travel time spent in this place.
 D = Time resting spent in this place.
 E = Time spent auto-exploring this place.
 F = Levels seen in this place.
 G = Mean time per level.
                   A        B        C        D        E       F      G
               +--------+--------+--------+--------+--------+-----+--------+
         Total |   7634 |   7314 |    320 |    731 |   5239 |   9 |  848.2 |
       Dungeon |   7444 |   7124 |    320 |    687 |   5146 |   8 |  930.5 |
         Sewer |    189 |    189 |      0 |     43 |     93 |   1 |  189.0 |
               +--------+--------+--------+--------+--------+-----+--------+

Top non-repeatable levels by time:
     D:5: 1260 daAuts
     D:3: 1242 daAuts
     D:4: 1188 daAuts
     D:7: 1037 daAuts
     D:6: 867 daAuts
     D:1: 809 daAuts
     D:2: 622 daAuts
     D:8: 415 daAuts
   Sewer: 189 daAuts
